 Dungeon Sprint DCSS version 0.19-a0-1922-g1e9a4c1 (webtiles) character file.

24552 poirepourri the Ninja (level 12, 0/58 HPs)
             Began as a Spriggan Enchanter on Oct 24, 2016.
             Was the Champion of Dithmenos.
             Succumbed to a black mamba's poison
             ... in the Dungeon (Sprint III: "The Ten Rune Challenge").
             The game lasted 00:09:42 (3259 turns).

poirepourri the Ninja (Spriggan Enchanter)          Turns: 3259, Time: 00:09:43

Health: 0/58       AC:  3    Str:  4    XL:     12   Next: 81%
Magic:  33/34      EV: 28    Int: 17    God:    Dithmenos [******]
Gold:   1726       SH:  0    Dex: 21    Spells: 5 memorised, 33 levels left

rFire  . . .     SeeInvis +     f - +5 rapier of Deflation {drain, +Fly}
rCold  . . .     Gourm    .     b - +1 robe
rNeg   . . .     Faith    .     (shield restricted)
rPois  .         Spirit   .     (helmet restricted)
rElec  .         Reflect  .     (no cloak)
rCorr  .         Harm     .     (gloves unavailable)
MR     ++...     NoTele   +     (boots unavailable)
Stlth  ++++++++++               (no amulet)
                                (no ring)
                                (no ring)

@: lethally poisoned (0 -> -10), very slightly contaminated, hasted, wreathed by
umbra, very quick
A: unfitting armour, see invisible, herbivore 3, speed 3, slow metabolism 2
a: Shadow Step, Shadow Form, Renounce Religion, Evoke Flight


You were in the Dungeon.
You worshipped Dithmenos.
Dithmenos was exalted by your worship.
You were full.

You visited 1 branch You collected 1870 gold pieces.
You spent 144 gold pieces at shops.

Inventory:

Hand Weapons
 f - the +5 rapier of Deflation (weapon) {drain, +Fly}
   (You bought it in a shop in the Dungeon)

   A truly terrible weapon, it drains the life of those it strikes.
   It lets you fly.
 l - a +0 blowgun
Missiles
 q - 7 curare-tipped needles
Armour
 b - a +1 robe (worn)
Scrolls
 m - 2 scrolls of remove curse
Potions
 h - 4 potions of magic
 i - 2 potions of mutation
 o - 2 potions of cure mutation {unknown}
 p - a potion of flight {unknown}
 r - a potion of lignification
Books
 c - a book of Maledictions

   Spells                             Type                      Level
   a - Corona                         Hexes                        1
   b - Ensorcelled Hibernation        Hexes/Ice                    2
   c - Confuse                        Hexes                        3
   d - Tukima's Dance                 Hexes                        3
   e - Dazzling Spray                 Conjuration/Hexes            3
Comestibles
 n - 26 royal jellies


   Skills:
 + Level 4.6 Fighting
 + Level 11.1 Short Blades
 + Level 10.2 Dodging
 O Level 27 Stealth
 + Level 17.4 Spellcasting
 + Level 4.6 Conjurations
 + Level 17.8 Hexes
 + Level 7.0 Ice Magic
 + Level 1.9 Invocations


You had 33 spell levels left.
You knew the following spells:

 Your Spells              Type           Power        Failure   Level  Hunger
a - Corona                Hex            ######.      0%          1    None
b - Ensorcelled Hibernat  Hex/Ice        ######       1%          2    None
c - Confuse               Hex            ######..     0%          3    None
d - Tukima's Dance        Hex            ######..     0%          3    None
e - Dazzling Spray        Conj/Hex       ######       1%          3    None


Dungeon Overview and Level Annotations

Branches:
Dungeon (1/1)

Altars:
Cheibriados
Dithmenos
Elyvilon
Fedhas
Gozag
Hepliaklqana
Kikubaaqudgha
Makhleb
Nemelex Xobeh
Okawaru
Qazlal
Ru
Sif Muna
Trog
Uskayaw
Vehumet
Xom
Yredelemnul
Zin
The Shining One
Beogh
Jiyva
Lugonu

Shops:
D (


Innate Abilities, Weirdness & Mutations

You are very small and have problems with some larger weapons.
You are too small for most types of armour.
You have supernaturally acute eyesight. (SInv)
You are a herbivore.
You cover ground extremely quickly.
You need consume almost no food.


Message History

The black mamba struggles to resist.
The black mamba bites you! x2
You emit a cloud of dark smoke.
You hit the black mamba.
The black mamba is lightly wounded.
The black mamba bites you!
* * * LOW HITPOINT WARNING * * *
You feel better. The black mamba bites you!
* * * LOW HITPOINT WARNING * * *
You emit a cloud of dark smoke.
You are lethally poisoned!
The black mamba poisons you! The black mamba completely misses you.
You feel yourself speed up.
* * * LOW HITPOINT WARNING * * *
You feel sick.
You are very lightly contaminated with residual magic.
* * * LOW HITPOINT WARNING * * *
You feel sick.
* * * LOW HITPOINT WARNING * * *
You feel sick.
You die...

P..††..†...♣
≈...########♣♣
≈≈........†PP♣
≈≈≈P..PP....P♣
#########†###########
#...........##
#............#
###########†.#
##§§§§..@.†..#
#§§§§S......##
#§S##########
#§S§§S...S ##§§.....S
#########


You could see a black mamba.

Vanquished Creatures
  Sigmund (D)
  Rupert (D)
  2 deep elf demonologists (D)
  Josephine (D)
  A centaur warrior (D)
  An anaconda (D)
  4 death yaks (D)
  A deep elf knight (D)
  An unseen horror (D)
  An orc knight (D)
  5 deep elf magi (D)
  2 orc sorcerers (D)
  6 black mambas (D)
  2 spiny frogs (D)
  Edmund (D)
  A rime drake (D)
  A komodo dragon (D)
  3 wandering mushrooms (D)
  A queen bee (D)
  8 blink frogs (D)
  A shadow (D)
  A spatial vortex (D)
  2 water moccasins (D)
  A swamp drake (D)
  3 orc warriors (D)
  2 centaurs (D)
  A necrophage (D)
  An earth elemental (D)
  A water elemental (D)
  A scorpion (D)
  32 killer bees (D)
  A jelly (D)
  2 orc priests (D)
  A wizard (D)
  A necromancer (D)
  3 humans (D)
  A kobold demonologist (D)
  7 adders (D)
  9 orcs (D)
  4 rats (D)
119 creatures vanquished.

Vanquished Creatures (others)
  2 draconian scorchers (D)
  6 hellions (D)
  3 yaktaurs (D)
  6 plants (D)
17 creatures vanquished.

Grand Total: 136 creatures vanquished

Notes
Turn   | Place    | Note
-------+----------+-------------------------------------------
     0 | D        | poirepourri the Spriggan Enchanter began the quest for the Orb.
     0 | D        | Reached XP level 1. HP: 9/9 MP: 5/5
    13 | D        | Reached skill level 5 in Stealth
    36 | D        | Noticed a scorpion
    39 | D        | Killed a scorpion
    39 | D        | Reached skill level 8 in Stealth
    39 | D        | Reached XP level 2. HP: 13/13 MP: 6/8
    39 | D        | Reached XP level 3. HP: 16/16 MP: 6/9
    44 | D        | Reached XP level 4. HP: 21/21 MP: 6/11
    77 | D        | Learned a level 2 spell: Ensorcelled Hibernation
    81 | D        | Learned a level 3 spell: Confuse
    85 | D        | Learned a level 3 spell: Tukima's Dance
    89 | D        | Learned a level 3 spell: Dazzling Spray
   101 | D        | Killed a hellion
   112 | D        | Noticed a water elemental
   115 | D        | Killed a water elemental
   115 | D        | Reached skill level 5 in Dodging
   115 | D        | Reached skill level 9 in Stealth
   115 | D        | Reached skill level 5 in Spellcasting
   124 | D        | Found a radiant altar of Vehumet.
   124 | D        | Found a deep blue altar of Sif Muna.
   124 | D        | Found an ancient bone altar of Kikubaaqudgha.
   124 | D        | Noticed a wizard
   126 | D        | Killed a wizard
   126 | D        | Reached skill level 10 in Stealth
   126 | D        | Reached XP level 5. HP: 24/24 MP: 14/14
   138 | D        | Found a glowing silver altar of Zin.
   138 | D        | Found a glowing golden altar of the Shining One.
   138 | D        | Found a white marble altar of Elyvilon.
   139 | D        | Noticed a deep elf mage
   141 | D        | Killed a deep elf mage
   141 | D        | Reached skill level 5 in Short Blades
   141 | D        | Reached skill level 14 in Stealth
   141 | D        | Reached skill level 10 in Hexes
   141 | D        | Reached XP level 6. HP: 28/28 MP: 15/17
   141 | D        | Reached XP level 7. HP: 32/32 MP: 15/18
   165 | D        | Found a hide-covered altar of Uskayaw.
   165 | D        | Found a roughly hewn altar of Beogh.
   165 | D        | Found an iron altar of Okawaru.
   165 | D        | Found a bloodstained altar of Trog.
   165 | D        | Noticed a human
   166 | D        | Noticed a human
   170 | D        | Killed a white draconian scorcher
   172 | D        | Killed a human
   172 | D        | Reached skill level 15 in Stealth
   178 | D        | Killed a human
   178 | D        | Reached skill level 16 in Stealth
   180 | D        | Killed a hellion
   182 | D        | Killed a hellion
   191 | D        | Killed a yaktaur
   203 | D        | Killed a hellion
   204 | D        | Killed a hellion
   206 | D        | Killed a hellion
   304 | D        | Found a basalt altar of Yredelemnul.
   304 | D        | Found a shadowy altar of Dithmenos.
   304 | D        | Found a sacrificial altar of Ru.
   307 | D        | Reached skill level 1 in Ice Magic
   313 | D        | Became a worshipper of Dithmenos the Shadowed
   319 | D        | Noticed a shadow
   321 | D        | Killed a shadow
   321 | D        | Reached skill level 17 in Stealth
   321 | D        | Reached XP level 8. HP: 36/36 MP: 21/21
   361 | D        | Killed a white draconian scorcher
   530 | D        | Found a blossoming altar of Fedhas.
   530 | D        | Found a stormy altar of Qazlal.
   530 | D        | Found a snail-covered altar of Cheibriados.
   530 | D        | Found a burning altar of Makhleb.
   530 | D        | Found a shimmering altar of Xom.
   531 | D        | Found a hazy altar of Hepliaklqana.
   531 | D        | Found an opulent altar of Gozag.
   531 | D        | Found a sparkling altar of Nemelex Xobeh.
   531 | D        | Found a corrupted altar of Lugonu.
   531 | D        | Found a viscous altar of Jiyva.
   540 | D        | Reached * piety under Dithmenos
   756 | D        | Noticed Josephine
   765 | D        | Killed Josephine
   765 | D        | Reached skill level 1 in Fighting
   765 | D        | Reached skill level 18 in Stealth
   765 | D        | Reached XP level 9. HP: 33/42 MP: 15/23
   832 | D        | Reached skill level 10 in Spellcasting
   839 | D        | Noticed a centaur warrior
   841 | D        | Reached ** piety under Dithmenos
   844 | D        | Killed a centaur warrior
   844 | D        | Reached skill level 19 in Stealth
   855 | D        | Noticed an unseen horror
   857 | D        | Killed an unseen horror
   857 | D        | Reached skill level 20 in Stealth
   872 | D        | Noticed a wandering mushroom
   877 | D        | Noticed a wandering mushroom
   878 | D        | Killed a wandering mushroom
   878 | D        | Reached *** piety under Dithmenos
   879 | D        | Noticed a wandering mushroom
   884 | D        | Killed a wandering mushroom
   892 | D        | Killed a wandering mushroom
   892 | D        | Reached skill level 21 in Stealth
   892 | D        | Reached XP level 10. HP: 48/48 MP: 18/26
   938 | D        | Noticed Sigmund
   938 | D        | Noticed Edmund
   942 | D        | Killed Edmund
   943 | D        | Killed Sigmund
   943 | D        | Reached **** piety under Dithmenos
   943 | D        | Reached skill level 23 in Stealth
   992 | D        | Reached XP level 11. HP: 53/53 MP: 29/29
  1012 | D        | Reached ***** piety under Dithmenos
  1052 | D        | Reached skill level 24 in Stealth
  1250 | D        | Reached ****** piety under Dithmenos
  1405 | D        | Reached skill level 15 in Hexes
  1709 | D        | Noticed an orc sorcerer
  1711 | D        | Noticed an orc knight
  1737 | D        | Paralysed by an orc sorcerer for 7 turns
  1748 | D        | Killed an orc sorcerer
  1907 | D        | Killed an orc knight
  1988 | D        | Noticed an orc sorcerer
  1996 | D        | Killed an orc sorcerer
  2003 | D        | Reached skill level 25 in Stealth
  2093 | D        | Found Cehac's Antique Weapon Emporium.
  2131 | D        | Noticed a deep elf mage
  2131 | D        | Noticed a deep elf mage
  2131 | D        | Noticed a deep elf mage
  2131 | D        | Noticed a deep elf mage
  2131 | D        | Noticed a deep elf knight
  2134 | D        | Bought an ancient rapier for 144 gold pieces
  2135 | D        | Identified the +5 rapier of Deflation {drain, +Fly} (You bought it in a shop in the Dungeon)
  2181 | D        | Killed a deep elf mage
  2204 | D        | Killed a deep elf knight
  2259 | D        | Killed a deep elf mage
  2320 | D        | Killed a deep elf mage
  2335 | D        | Killed a deep elf mage
  2349 | D        | Noticed a deep elf high priest
  2353 | D        | Noticed a deep elf demonologist
  2358 | D        | Noticed a deep elf demonologist
  2361 | D        | Killed a deep elf demonologist
  2361 | D        | Reached skill level 15 in Spellcasting
  2364 | D        | Killed a deep elf demonologist
  2487 | D        | Reached skill level 26 in Stealth
  2488 | D        | Reached XP level 12. HP: 58/58 MP: 32/32
  2522 | D        | Reached skill level 10 in Short Blades
  2535 | D        | Reached skill level 5 in Ice Magic
  2668 | D        | Noticed Rupert
  2672 | D        | Killed Rupert
  2672 | D        | Reached skill level 27 in Stealth
  2679 | D        | Noticed a death yak
  2680 | D        | Noticed a death yak
  2680 | D        | Noticed an azure jelly
  2680 | D        | Noticed a death yak
  2680 | D        | Noticed an azure jelly
  2680 | D        | Noticed a death yak
  2681 | D        | Killed a death yak
  2695 | D        | Killed a death yak
  2698 | D        | Killed a death yak
  2698 | D        | Reached skill level 1 in Invocations
  2703 | D        | Killed a death yak
  2843 | D        | Noticed an anaconda
  2846 | D        | Killed an anaconda
  2846 | D        | Reached skill level 10 in Dodging
  3248 | D        | Noticed an anaconda
  3248 | D        | Noticed an anaconda
  3256 | D        | HP: 2/58 [poisoned by a black mamba]
  3259 | D        | Succumbed to a black mamba's poison

Vault maps used:
D:        dungeon_sprint_mu

Skill      XL: |  1  2  3  4  5  6  7  8  9 10 11 12 |
---------------+-------------------------------------+-----
Stealth        | 8 10 14 17 18 21 23 26 27 | 27.0
Hexes          | 6 8 10 11 12 13 14 16 17 | 17.8
Dodging        | 4 5 6 7 8 10 | 10.2
Spellcasting   | 4 5 7 8 9 11 13 15 17 | 17.4
Short Blades   | 2 5 6 7 8 9 11 | 11.1
Ice Magic      | 1 4 7 |  7.0
Fighting       | 1 2 3 4 |  4.6
Conjurations   | 2 3 4 |  4.6
Invocations    | 1 |  1.9

Action                   |  1- 3 |  4- 6 |  7- 9 | 10-12 || total
-------------------------+-------+-------+-------+-------++-------
Melee: Dagger            |     9 |     4 |    20 |    66 ||    99
       Rapier            |       |       |       |    53 ||    53
 Cast: Ensorcelled Hiber |       |       |     9 |   108 ||   117
       Dazzling Spray    |       |       |    10 |    10 ||    20
       Confuse           |       |       |     2 |     2 ||     4
Invok: Shadow Step       |       |       |       |     4 ||     4
  Use: Potion            |     1 |       |       |     3 ||     4
       Scroll            |       |     2 |     2 |     1 ||     5
 Stab: Sleeping          |     4 |     4 |    12 |    85 ||   105
       Invisible         |       |       |     2 |     1 ||     3
       Distracted        |       |       |       |     2 ||     2
       Confused          |       |       |       |     2 ||     2
  Eat: Royal jelly       |       |       |       |     3 ||     3
Armor: Robe              |       |       |       |     3 ||     3
Dodge: Dodged            |     2 |       |     8 |   122 ||   132
